 Dungeon Crawl Stone Soup version 0.31-a0-177-g4aa6249778 (webtiles) character file.

Game seed: 6699669619088339576

146 Moral the Insei (level 5, -2/34 HPs)
             Began as an Octopode Transmuter on June 18, 2023.
             Slain by an orc
             ... wielding a +2 heavy trident
              (18 damage)
             ... on level 4 of the Dungeon.
             The game lasted 00:05:59 (2766 turns).

Moral the Insei (Octopode Transmuter)               Turns: 2766, Time: 00:06:02

Health: -2/34      AC:  1    Str: 11    XL:     5   Next: 28%
Magic:  7/8        EV: 13    Int: 16    God:
Gold:   125        SH:  0    Dex: 12    Spells: 8/9 levels left

rFire   . .          .
                       - Unarmed
rCold   . . .        (no shield)
rNeg    . . .        (helmet currently unavailable)
rPois   .            h - amulet of regeneration
rElec   .            (no ring)
rCorr   .            (no ring)
SInv    .            (no ring)
Will    .....        (no ring)
Stlth   +++          (no ring)
HPRegen 1.05/turn    (no ring)
MPRegen 0.11/turn    (no ring)
                     (no ring)

%: no passive effects
@: appendages
A: tentacle spike 3, almost no armour, amphibious, 8 rings, camouflage 1,
gelatinous body 1, (nimble swimmer 1), tentacles
a: End Transformation


You were on level 4 of the Dungeon.
One of your tentacles had grown a beastly spike.
You visited 1 branch of the dungeon, and saw 4 of its levels.

You collected 125 gold pieces.

Inventory:

Jewellery
 h - an amulet of regeneration (around mantle)
 j - a ring of see invisible
Wands
 i - a wand of roots (11)
Scrolls
 c - a scroll of revelation {unknown}
 d - 5 scrolls of identify {unknown}
 g - a scroll of butterflies {unknown}
 l - a scroll of enchant armour {unknown}
 o - a scroll of enchant weapon {unknown}
Potions
 a - a potion of lignification
 b - a potion of magic {unknown}
 e - a potion of resistance {unknown}
 f - 2 potions of heal wounds {unknown}
 k - a potion of brilliance {unknown}
 m - a potion of mutation {unknown}
 n - 2 potions of berserk rage {unknown}


   Skills:
 + Level 2.0 Fighting
 + Level 2.7 Dodging
 + Level 2.3 Stealth
 * Level 3.9 Unarmed Combat
 + Level 2.6 Spellcasting
 + Level 2.4 Transmutations


You had 8 spell levels left.
You knew the following spells:

 Your Spells              Type           Power      Damage    Failure   Level
a - Beastly Appendage     Tmut           18%        N/A       7%          1

Your spell library contained the following spells:

 Spells                   Type           Power      Damage    Failure   Level
 Wereblood                Tmut           9%         N/A       11%         2
 Cigotuvi's Dreadful Rot  Necr/Pois/Air  4%         N/A       30%         2
 Spider Form              Tmut/Pois      6%         N/A       34%         3
 Ignite Poison            Fire/Tmut/Pois 4%         N/A       38%         3
 Ice Form                 Ice/Tmut       6%         N/A       75%         4
 Freezing Cloud           Conj/Ice/Air   1%         6-21      99%         5


Dungeon Overview and Level Annotations

Branches:
Dungeon (4/15)
 Temple: D:4-7

Altars:


Innate Abilities, Weirdness & Mutations

One of your tentacles has grown a beastly spike.
You cannot wear most types of armour.
You are amphibious.
You can wear up to eight rings at the same time.
Your skin changes colour to match your surroundings (Stealth+).
Your rubbery body absorbs attacks. (AC +1, EV +1)
((You are camouflaged when in or above water. (Stealth+)))
You have tentacles for arms and can constrict up to eight enemies at once.


Message History

You pierce the sleepcap, but do no damage.
The sleepcap is severely damaged.
You constrict the sleepcap. The sleepcap releases spores at you!
You tentacle-slap the sleepcap but do no damage.
You pierce the sleepcap, but do no damage.
You squeeze the sleepcap.
You destroy the sleepcap!
Your Fighting skill increases to level 2!
No target in view!
Unknown command.
Your tentacle spike disappears.
An orc comes into view. It is wielding a +0 short sword.
An orc is nearby!
An orc is nearby!
An orc is nearby!
An orc comes into view. It is wielding a +0 flail.
An orc comes into view. It is wielding a +0 dagger.
The orc shouts!
You hear a shout!
An orc comes into view. It is wielding a +2 heavy trident.
The orc misses you. The orc hits you with a +0 flail.
Casting: Beastly Appendage (safe; 7% risk of failure)
Confirm with . or Enter, or press ? or * to list all spells.
One of your tentacles grows a vicious spike.
The orc hits you with a +0 short sword. The orc closely misses you.
The orc completely misses you.
You tentacle-slap the orc. You grab the orc.
You pierce the orc, but do no damage.
The orc is lightly wounded.
You constrict the orc.
The orc hits you from afar with a +2 heavy trident!
The orc escapes!
The orc hits you with a +0 flail. The orc hits you with a +0 dagger.
You tentacle-slap the orc but do no damage.
Your grab misses the orc.
You pierce the orc, but do no damage.
You squeeze the orc.
You kill the orc!
The orc hits you with a +0 flail. The orc barely misses you.
The orc hits you from afar with a +2 heavy trident!!
Ouch! That really hurt!
You die...

#~###.#.#..#.## #..#
#~###.#.# #. ##.#
#~~.....# #.#####.#
###~~#...# .#.......#
#~##~#...#..........#
#~~#~#...#..#.#####.#
#~~~~.......... #<#
#~............# #.#
#~....)@.#....# #.#
~~....o.o...... ...
#~~##..o......# #.#
##~............ ..#
#~.........#.# ...
~~~............ #.#
#..............
...............


You could see 3 orcs.

Vanquished Creatures
  A sleepcap (D:4)
  4 adders (D:2)
  2 dart slugs (D:3)
  4 orcs
  8 bats
  10 endoplasms
  7 goblins
  9 hobgoblins
  4 jackals
  4 quokkas
  3 ball pythons
  3 frilled lizards
  5 kobolds
  9 rats
73 creatures vanquished.

Notes
Turn   | Place    | Note
-------+----------+-------------------------------------------
     0 | D:1      | Moral the Octopode Transmuter began the quest for the Orb.
     0 | D:1      | Reached XP level 1. HP: 13/13 MP: 3/3
   135 | D:1      | Reached XP level 2. HP: 14/18 MP: 3/5
   149 | D:1      | Reached skill level 1 in Stealth
   316 | D:1      | Reached XP level 3. HP: 21/23 MP: 4/6
   922 | D:2      | Reached XP level 4. HP: 15/29 MP: 4/7
  2692 | D:4      | Reached XP level 5. HP: 26/34 MP: 8/8
  2766 | D:4      | Slain by an orc

Illustrated notes

Levels and vault maps discovered:
D:1:      dpeg_arrival_tiny_f, layout_loops_ring
D:2:      minmay_alternating_diamond, layout_basic, serial_curves,
          eino_curves_01, eino_curves_01, nicolae_elevator_lobby_plus
D:3:      layout_loops_cross
D:4:      kennysheep_goblin_castle, layout_basic,
          chequers_serial_rivers_small_b, amcnicky_mini_pool_small,
          nicolae_shop_i_like_small_books_too, minmay_manual_mullet

Skill      XL: |  1  2  3  4  5 |
---------------+----------------+-----
Stealth        | 1 2 |  2.3
Fighting       | 2 |  2.0
Dodging        | |  2.7
Unarmed Combat | |  3.9
Spellcasting   | |  2.6
Transmutations | |  2.4

Action                     |  1- 3 |  4- 6 || total
---------------------------+-------+-------++-------
  Melee: Unarmed           |    70 |    68 ||   138
         Constrict         |    18 |    21 ||    39
         Tentacles         |    14 |    10 ||    24
         Kick              |    11 |    21 ||    32
         Punch             |     3 |     1 ||     4
   Cast: Beastly Appendage |    18 |    19 ||    37
   Stab: Sleeping          |     3 |    11 ||    14
 Armour: Skin              |     7 |     8 ||    15
  Dodge: Dodged            |    65 |    46 ||   111

Table legend: (Time is in decaauts)
 A = Elapsed time spent in this place.
 B = Non-inter-level travel time spent in this place.
 C = Inter-level travel time spent in this place.
 D = Time resting spent in this place.
 E = Time spent auto-exploring this place.
 F = Levels seen in this place.
 G = Mean time per level.
                   A        B        C        D        E       F      G
               +--------+--------+--------+--------+--------+-----+--------+
         Total |   2755 |   2549 |    206 |    339 |   1507 |   4 |  688.8 |
       Dungeon |   2755 |   2549 |    206 |    339 |   1507 |   4 |  688.8 |
               +--------+--------+--------+--------+--------+-----+--------+

Top non-repeatable levels by time:
     D:2: 1154 daAuts
     D:1: 850 daAuts
     D:3: 637 daAuts
     D:4: 113 daAuts
